AoeStats
← dolt34

Arabia

509801522Analyzed
1v1 RM · 4d ago on Sep 28, 2026· 63m 1s· 2 players
Game mode
Random Map
Map size
Tiny (2 player)
Population
200
Speed
Normal
Resources
Standard
Victory
Conquest
Starting age
Dark Age
Ending age
Imperial Age
RankedLock teamsTeams togetherTeam positionsShared explorationLock speedFull tech treeHidden civsTurbo modeCheats
Victory
Defeat
🇺🇸 Mongols · United States
1215
+14
🇹🇼 Mongols · Taiwan
1162
-14
Little Prince
5:28 Loom
8:12 Feudal Age
9:00 Double-Bit Axe
16:01 Fletching
18:10 Horse Collar
20:50 Castle Age
19:12 Gold Mining
19:59 Bloodlines
20:51 Scale Barding Armor
20:58 Forging
21:12 Town Watch
23:24 Husbandry
26:30 Bow Saw
27:31 Wheelbarrow
29:39 Elite Skirmisher
32:04 Ballistics
32:23 Bodkin Arrow
32:49 Chain Barding Armor
35:31 Iron Casting
34:56 Padded Archer Armor
35:50 Heavy Plow
42:14 Imperial Age
40:38 Nomads
41:17 Leather Archer Armor
41:01 Herbal Medicine
41:51 Gold Shaft Mining
43:29 Conscription
44:02 Conscription
44:32 Bracer
44:54 Stone Mining
45:57 Hand Cart
47:03 Chemistry
46:58 Onager
49:15 Elite Mangudai
51:11 Thumb Ring
52:29 Scale Mail Armor
52:41 Siege Engineers
54:56 Light Cavalry
56:23 Drill
56:36 Hussar
58:25 Blast Furnace
dolt34
6:26 Loom
8:51 Feudal Age
9:27 Man-at-Arms
16:19 Double-Bit Axe
21:47 Castle Age
20:28 Scale Barding Armor
20:27 Gold Mining
20:21 Horse Collar
21:15 Bloodlines
21:48 Forging
22:51 Bow Saw
24:28 Chain Barding Armor
25:51 Husbandry
27:01 Fletching
28:33 Bodkin Arrow
29:58 Wheelbarrow
29:10 Town Watch
34:58 Ballistics
35:18 Padded Archer Armor
38:57 Imperial Age
39:25 Thumb Ring
41:19 Chemistry
40:42 Bracer
40:58 Leather Archer Armor
41:18 Iron Casting
41:43 Scale Mail Armor
41:07 Elite Skirmisher
41:52 Thumb Ring
44:08 Parthian Tactics
44:06 Conscription
47:00 Elite Mangudai
48:16 Hoardings
47:56 Masonry
47:54 Pikeman
48:34 Squires
47:59 Heavy Camel Rider
48:08 Light Cavalry
48:43 Elite Steppe Lancer
51:06 Onager
51:12 Light Cavalry
53:05 Drill
53:13 Capped Ram
53:40 Hussar
54:13 Siege Ram
60:47 Blast Furnace
60:02 Chain Mail Armor
59:58 Siege Engineers
Connection lost

Rejoining the realm…

Still unreachable

The connection could not be restored.

Session expired

The server has moved on; the page needs a fresh start.